 Dungeon Crawl Stone Soup version 0.24.1 (webtiles) character file.

Game seed: 8869942195691944649, levelgen mode: deterministic

2986 Peloso the Blocker (level 9, -5/75 HPs)
             Began as a Minotaur Fighter on Apr 1, 2020.
             Killed by refrigeration
             ... invoked by Fannar
              (19 damage)
             ... on level 10 of the Dungeon.
             The game lasted 00:11:45 (6048 turns).

Peloso the Blocker (Minotaur Fighter)               Turns: 6048, Time: 00:11:45

Health: -5/75      AC: 14    Str: 22    XL:     9   Next: 53%
Magic:  8/8        EV:  6    Int:  5    God:
Gold:   261        SH: 17    Dex: 12    Spells: 8/8 levels left

rFire    . . .     SeeInvis +   a - +4 falchion
rCold    . . .     Gourm    .   c - +0 large shield
rNeg     . . .     Faith    .   u - +0 chain mail
rPois    .         Spirit   .   (helmet restricted)
rElec    .         Reflect  .   v - +1 cloak
rCorr    .         Harm     .   o - +0 pair of gloves (curse)
MR       .....                  (no boots)
Stlth    ..........             (no amulet)
HPRegen  0.22/turn              k - ring of see invisible
MPRegen  0.11/turn              (no ring)

@: no status effects
A: retaliatory headbutt, horns 2
a: no special abilities


You were on level 10 of the Dungeon.
You were not hungry.

You visited 1 branch of the dungeon, and saw 8 of its levels.

You collected 261 gold pieces.

Inventory:

Hand Weapons
 a - a +4 falchion (weapon)
 b - a +3 dagger
Armour
 c - a +0 large shield (worn)
 o - a cursed +0 pair of gloves (worn)
 u - a +0 chain mail (worn)
 v - a +1 cloak (worn)
 y - a scarf of repulsion
Jewellery
 k - a ring of see invisible (left hand)
Wands
 q - a wand of flame (28)
 z - a wand of iceblast (10)
Scrolls
 e - 2 scrolls of amnesia {unknown}
 g - a scroll of random uselessness {unknown}
 h - 3 scrolls of identify
 j - 2 scrolls of enchant weapon {unknown}
 l - a scroll of fog {unknown}
 n - 3 scrolls of blinking {unknown}
 p - 2 scrolls of remove curse {unknown}
 w - a scroll of fear {unknown}
 x - a scroll of magic mapping {unknown}
 A - a scroll of enchant armour {unknown}
 C - a scroll of acquirement {unknown}
Potions
 d - 3 potions of might
 i - 2 potions of haste
 m - 3 potions of flight
 r - 2 potions of brilliance
 s - a potion of heal wounds
 t - a potion of magic {unknown}
Comestibles
 f - 9 rations


   Skills:
 + Level 6.2 Fighting
 + Level 8.7 Long Blades
 + Level 8.3 Armour
 + Level 3.2 Dodging
 + Level 1.1 Stealth
 + Level 9.8 Shields


You had 8 spell levels left.
You didn't know any spells.
Your spell library was empty.

Dungeon Overview and Level Annotations

Branches:
Dungeon (7/15)             Temple (0/1) D:7

Altars:
Cheibriados
Fedhas
Gozag
Sif Muna
Xom
Yredelemnul

Annotations:
D:10 Fannar


Innate Abilities, Weirdness & Mutations

You reflexively headbutt those who attack you in melee.
You have a pair of horns on your head.


Message History

* * * LOW HITPOINT WARNING * * *
You feel much better. Fannar gestures at you while chanting.
The bolt of cold misses the ice beast.
The bolt of cold hits you!!
* * * LOW HITPOINT WARNING * * *
The ice beast barely misses you. You furiously retaliate!
You headbutt the ice beast!
You riposte.
You closely miss the ice beast. You headbutt the ice beast.
The ice beast is moderately wounded.
Items here: ))))) [[[[ ††† Your shield prevents you from hitting the ice beast.
You headbutt the ice beast.
The ice beast is heavily wounded.
The ice beast hits you but does no damage.
You slash the ice beast! Your headbutt misses the ice beast.
The ice beast is severely wounded.
Fannar casts a spell.
Fannar drains the heat from the surrounding environment!
You feel very cold.
You die...

##.######
#.......#
######(######
#...((eY@)..#
##.....####.#
#.....# .#
....$#e# .#
......§..# .#
...........#
?#
##..##§#..##
.# ....
.....# .# ...
.. .K#


You could see Fannar and an ice beast.

Vanquished Creatures
  A troll (D:10)
  A steam dragon (D:7)
  Duvessa (D:6)
  An orc warrior (D:10)
  A necrophage (D:7)
  2 ogres
  An ice beast (D:4)
  A phantom (D:3)
  A centaur (D:7)
  2 big kobolds
  A bullfrog (D:6)
  Dowan (D:6)
  9 killer bees
  5 wights (D:5)
  3 howler monkeys
  4 crimson imps
  A bullfrog zombie (D:5)
  3 hounds
  A jelly (D:6)
  Crazy Yiuf (D:6)
  A gnoll shaman (D:5)
  An iguana (D:5)
  8 orc wizards
  5 worker ants
  7 gnolls
  5 adders
  A shadow imp (D:7)
  An ooze (D:4)
  2 adder skeletons
  3 dart slugs
  4 leopard geckos
  20 orcs
  A ball python (D:3)
  6 bats
  7 giant cockroaches
  8 goblins
  7 jackals
  2 frilled lizards (D:3)
  A jackal skeleton (D:4)
  16 kobolds
  A leopard gecko zombie (D:5)
  A quokka skeleton (D:4)
  6 rats
  A fungus (D:6)
  A plant (D:4)
157 creatures vanquished.

Vanquished Creatures (others)
  An orc wizard (D:10)
1 creature vanquished.

Grand Total: 158 creatures vanquished

Notes
Turn   | Place    | Note
-------+----------+-------------------------------------------
     0 | D:1      | Peloso the Minotaur Fighter began the quest for the Orb.
     0 | D:1      | Reached XP level 1. HP: 19/19 MP: 0/0
    72 | D:1      | Reached XP level 2. HP: 27/27 MP: 1/1
   240 | D:1      | Reached skill level 4 in Shields
   460 | D:2      | Reached XP level 3. HP: 31/33 MP: 2/2
   516 | D:3      | Reached XP level 4. HP: 34/40 MP: 3/3
   714 | D:3      | Found a blossoming altar of Fedhas.
   858 | D:3      | Found a shimmering altar of Xom.
  1076 | D:4      | Noticed a phantom
  1205 | D:3      | Reached skill level 1 in Dodging
  1205 | D:3      | Reached XP level 5. HP: 44/47 MP: 4/4
  1276 | D:3      | Killed a phantom
  1276 | D:3      | Reached skill level 5 in Shields
  1303 | D:4      | Reached XP level 6. HP: 47/53 MP: 5/5
  1318 | D:4      | Noticed an ice beast
  1325 | D:4      | Killed an ice beast
  1325 | D:4      | Reached skill level 5 in Armour
  1729 | D:5      | Entered Level 5 of the Dungeon
  1746 | D:5      | Reached skill level 5 in Long Blades
  1919 | D:5      | Reached XP level 7. HP: 39/60 MP: 6/6
  2186 | D:5      | Reached skill level 5 in Fighting
  2357 | D:5      | Found a basalt altar of Yredelemnul.
  2375 | D:5      | Found a blossoming altar of Fedhas.
  2424 | D:5      | Reached skill level 1 in Stealth
  2493 | D:5      | Found an opulent altar of Gozag.
  2759 | D:6      | Noticed Dowan
  2760 | D:6      | Noticed Duvessa
  2772 | D:5      | Reached skill level 6 in Shields
  2860 | D:5      | Reached XP level 8. HP: 64/68 MP: 7/7
  2962 | D:6      | Killed Dowan
  2981 | D:6      | Killed Duvessa
  3319 | D:6      | Reached skill level 7 in Shields
  3739 | D:6      | Found a snail-covered altar of Cheibriados.
  3740 | D:6      | Found a shimmering blue altar of Sif Muna.
  3838 | D:6      | Found a runed translucent door.
  3839 | D:6      | Noticed Crazy Yiuf
  3845 | D:6      | Killed Crazy Yiuf
  3902 | D:7      | Found a staircase to the Ecumenical Temple.
  4517 | D:6      | Reached skill level 8 in Shields
  5184 | D:7      | Reached XP level 9. HP: 44/75 MP: 8/8
  5612 | D:7      | Reached skill level 9 in Shields
  5968 | D:7      | You fall into a shaft and drop 3 floors!
  5968 | D:10     | Entered Level 10 of the Dungeon
  5983 | D:10     | Noticed a troll
  5984 | D:10     | Noticed Fannar
  6000 | D:10     | Killed a troll
  6048 | D:10     | Killed from afar by Fannar

Levels and vault maps discovered:
D:1:      minmay_arrival_three_doors, layout_rooms, minmay_misc_feat_nine_boxes
D:2:      minmay_alternating_diamond, layout_loops_ring,
          nemelex_xobeh_ov_fountains_minmay, marbit_many_paths, minivault_11,
          minmay_joined_circles
D:3:      layout_rooms, lemuel_coloured_pillars_altar, first_ration,
          fedhas_ov_isle_minmay
D:4:      cheibrodos_old_hovel, layout_rooms
D:5:      layout_basic, chequers_temple_overflow_statue_of_worship,
          grunt_gozag_statues
D:6:      layout_rooms, gammafunk_temple_overflow_pools, uniq_duvessa,
          uniq_crazy_yiuf_cottage
D:7:      layout_layer_cave, minmay_temple_entry_from_below_a
D:10:     layout_basic, david_orc_2, david_nohive_1, uniq_maurice, uniq_fannar

Skill      XL: |  1  2  3  4  5  6  7  8  9 |
---------------+----------------------------+-----
Shields        | 4 5 6 8 9 |  9.8
Fighting       | 4 5 6 |  6.2
Armour         | 4 5 6 7 8 |  8.3
Long Blades    | 3 4 5 6 7 8 |  8.7
Dodging        | 1 2 3 |  3.2
Stealth        | 1 |  1.1

Action                   |  1- 3 |  4- 6 |  7- 9 || total
-------------------------+-------+-------+-------++-------
Melee: Long sword        |    63 |   139 |   102 ||   304
       Headbutt          |    12 |    28 |    73 ||   113
       Falchion          |       |       |   316 ||   316
  Use: Potion            |     1 |     4 |     4 ||     9
       Scroll            |       |       |     2 ||     2
  Eat: Chunk             |       |     4 |    10 ||    14
       Ration            |       |       |     1 ||     1
Armor: Scale mail        |    36 |    60 |    22 ||   118
       Chain mail        |       |       |   155 ||   155
Dodge: Dodged            |    33 |    45 |    65 ||   143
Block: Shield            |    43 |    72 |    35 ||   150
       Large shield      |       |       |   398 ||   398
       Rpst.: Long sword |     9 |    12 |     1 ||    22
       Falchion          |       |       |    18 ||    18
